 Dungeon Crawl Stone Soup version 0.25-a0-306-g3faca94807 (webtiles) character file.

Game seed: 1483416756385700538, levelgen mode: deterministic

21 Redear the Skirmisher (level 2, -7/24 HPs)
             Began as a Mummy Monk on Dec 21, 2019.
             Mangled by a kobold
             ... wielding a +0 short sword
              (8 damage)
             ... on level 1 of the Dungeon.
             The game lasted 00:00:27 (836 turns).

Redear the Skirmisher (Mummy Monk)                   Turns: 836, Time: 00:00:27

Health: -7/24      AC:  0    Str: 14    XL:     2   Next: 62%
Magic:  2/2        EV: 13    Int:  9    God:
Gold:   18         SH:  0    Dex: 14    Spells: 1/1 levels left

rFire    x . .     SeeInvis .     - Unarmed
rCold    + . .     Gourm    .   (no shield)
rNeg     + + +     Faith    .   (no armour)
rPois    ∞         Spirit   .   (no helmet)
rElec    .         Reflect  .   (no cloak)
rCorr    .         Harm     .   (no gloves)
MR       .....                  (no boots)
Stlth    ++........             (no amulet)
HPRegen  0.08/turn              (no ring)
MPRegen  0.08/turn              (no ring)

@: no status effects
A: no food or potions, fire vulnerability, cold resistance 1, negative energy
resistance 3, torment resistance, unbreathing
a: no special abilities


You were on level 1 of the Dungeon.
You were not hungry.

You visited 1 branch of the dungeon, and saw 1 of its levels.

You collected 18 gold pieces.

Inventory:

Armour
 e - a +0 hat
Scrolls
 a - a scroll of immolation {unknown}
 b - 2 scrolls of identify {unknown}
 c - a scroll of amnesia {unknown}
 d - a scroll of noise {unknown}


   Skills:
 + Level 3.3 Fighting
 + Level 2.7 Dodging
 - Level 1.5 Stealth
 + Level 2.7 Unarmed Combat


You had one spell level left.
You didn't know any spells.
Your spell library was empty.

Dungeon Overview and Level Annotations

Branches:
Dungeon (1/15)

Altars:


Innate Abilities, Weirdness & Mutations

You do not eat or drink.
Your flesh is vulnerable to fire.
You are immune to poison.
Your flesh is cold resistant. (rC+)
You are immune to negative energy. (rN+++)
You are immune to unholy pain and torment.
You can survive without breathing.


Message History

You are too injured to fight recklessly!
You are too injured to fight recklessly!
You are too injured to fight recklessly!
You are too injured to fight recklessly!
You are too injured to fight recklessly!
You are too injured to fight recklessly!
You hit the kobold but do no damage. The kobold misses you.
You hit the kobold but do no damage. The kobold misses you.
You closely miss the kobold. The kobold closely misses you.
You hit the kobold but do no damage. The kobold misses you.
You barely miss the kobold.
The kobold hits you with a +0 short sword.
* * * LOW HITPOINT WARNING * * *
You hit the kobold but do no damage. The rat bites you.
* * * LOW HITPOINT WARNING * * *
You closely miss the kobold. The kobold barely misses you. The rat bites you.
* * * LOW HITPOINT WARNING * * *
You closely miss the kobold.
The kobold hits you with a +0 short sword!
You die...

#...#...# #.# #.
#...#.#.# #.# ##
#...#.#.# #.#
#...#.#.## #.# #
#...#.#..# #.####### ..
#.....##.# #........
..#.##....##.#
#........
#.........##.#
#.)......
...#.K@..##.###.#...###
#.....r...##..##'#...#
#
#..##..#$.###........#
#. #...#..# #........#
#..##..# #........# ###
#..# ##...)...# ...#
#.......# # ##.#
#.......### #..........


You could see a kobold and a rat.

Vanquished Creatures
  A dart slug (D:1)
  2 leopard geckos (D:1)
  3 hobgoblins (D:1)
  3 bats (D:1)
  4 frilled lizards (D:1)
  A goblin (D:1)
  3 kobolds (D:1)
  A rat (D:1)
18 creatures vanquished.

Notes
Turn   | Place    | Note
-------+----------+-------------------------------------------
     0 | D:1      | Redear the Mummy Monk began the quest for the Orb.
     0 | D:1      | Reached XP level 1. HP: 18/18 MP: 1/1
   333 | D:1      | Reached XP level 2. HP: 13/24 MP: 2/2
   834 | D:1      | HP: 2/24 [rat (3)]
   836 | D:1      | Mangled by a kobold

Levels and vault maps discovered:
D:1:      dpeg_arrival_tiny_g, layout_basic, serial_park_tiny_1,
          grunt_decor_mini_mirrors

Action                   || total
-------------------------++-------
Melee: Unarmed           ||    70
       Punch             ||     1
 Stab: Sleeping          ||     5
Dodge: Dodged            ||    40

Table legend:
 A = Non-vault XP
 B = Vault XP
 C = Vault XP percentage of total XP
 D = Non-vault monster count
 E = Vault monster count
 F = Vault count percentage of total count
                 A         B        C        D         E       F
            +---------+---------+-------+---------+---------+-------
      Total |      30 |       0 |   0.0 |      18 |       0 |   0.0
            +---------+---------+-------+---------+---------+-------
        D:1 |      30 |       0 |   0.0 |      18 |       0 |   0.0
            +---------+---------+-------+---------+---------+-------
